 Dungeon Crawl Stone Soup version 0.23.1 (webtiles) character file.

Game seed: 0

14870 misha the Impaler (level 12, -4/104 (105) HPs)
             Began as a Merfolk Berserker on Mar 3, 2019.
             Was a High Priest of Trog.
             Shot with an arrow by a centaur warrior (17 damage)
             ... on level 11 of the Dungeon on Mar 4, 2019.
             The game lasted 00:54:57 (16095 turns).

misha the Impaler (Merfolk Berserker)              Turns: 16095, Time: 00:54:58

HP:   -4/104 (105)  AC: 16    Str: 22    XL:     12   Next: 21%
MP:   4/4           EV:  9    Int:  6    God:    Trog [*****.]
Gold: 625           SH:  0    Dex: 21    Spells: 11/11 levels left

rFire    . . .     SeeInvis .   O - +4 glaive of the Eleven Nights {antimagic, Fragile Dex+7}
rCold    . . .     Gourm    .   (shield currently unavailable)
rNeg     . . .     Faith    .   E - +2 chain mail {rPois}
rPois    +         Spirit   .   (no helmet)
rElec    .         Reflect  .   v - +2 cloak
rCorr    .         Harm     .   P - +1 pair of gloves
MR       +....     Rnd*Tele +   M - +0 pair of boots
Stlth    ..........             (no amulet)
HPRegen  0.27/turn              x - ring of teleportation
MPRegen  0.09/turn              q - ring of protection from magic

@: no status effects
A: change form in water, swift swim, stealthy swim
a: Berserk, Trog's Hand, Brothers in Arms, Renounce Religion


You were on level 11 of the Dungeon.
You worshipped Trog.
Trog was extremely pleased with you.
You were very hungry.

You visited 1 branch of the dungeon, and saw 11 of its levels.

You collected 625 gold pieces.

Inventory:

Hand Weapons
 u - a +3 quarterstaff of draining
 G - a +0 triple crossbow
 J - a +0 trident
 O - the +4 glaive of the Eleven Nights (weapon) {antimagic, Fragile Dex+7}
   (You took it off an orc warrior on level 8 of the Dungeon)

   It reduces the magical energy of the wielder, and disrupts the spells and
   magical abilities of those hit.
   Natural abilities and divine invocations are not affected.
   It affects your dexterity (+7).
   It will be destroyed if unequipped.
Missiles
 g - 340 stones (quivered)
 l - 133 sling bullets
 p - 43 poisoned needles
 X - 6 javelins of penetration
Armour
 a - the +1 ring mail "Qykoxeu" {Str+6, unknown}
   (You found it on level 10 of the Dungeon)

   It affects your strength (+6).
 v - a +2 cloak (worn)
 B - a +1 pair of gloves
 E - a +2 chain mail of poison resistance (worn)
 M - a +0 pair of boots (worn)
 P - a +1 pair of gloves (worn)
 Q - a +2 chain mail
 R - the +1 helmet "Tahijum" {Str+4 Dex-5}
   (You found it on level 8 of the Dungeon)

   It affects your strength (+4).
   It affects your dexterity (-5).
 S - the +5 ring mail "Wocereym" {+Fly MR- rCorr Slay+2}
   (You took it off an orc on level 8 of the Dungeon)

   It affects your accuracy and damage with ranged weapons and melee attacks
   (+2).
   It affects your resistance to hostile enchantments.
   It lets you fly.
   It provides partial protection from all sources of acid and corrosion.
Jewellery
 o - an uncursed ring of magical power
 q - a ring of protection from magic (right hand)
 r - the ring "Aduejuc" {+Fly rN++ MR- Str+4}
   (You found it on level 3 of the Dungeon)

   [ring of flight]

   It affects your strength (+4).
   It greatly protects you from negative energy.
   It affects your resistance to hostile enchantments.
   It lets you fly.
 x - a ring of teleportation (left hand)
 Y - an uncursed ring of protection from cold
Wands
 b - a wand of random effects (19)
 w - a wand of flame (19)
 y - a wand of digging (4)
 D - a wand of polymorph (20)
 K - a wand of scattershot (5)
 L - a wand of clouds (2)
 N - a wand of iceblast (18)
Scrolls
 e - 3 scrolls of enchant weapon
 h - a scroll of amnesia
 i - a scroll of blinking
 k - 6 scrolls of remove curse
 m - 3 scrolls of magic mapping
 n - a scroll of fog
 s - 2 scrolls of fear
 H - 4 scrolls of teleportation
Potions
 d - 6 potions of curing
 f - 4 potions of lignification
 j - a potion of berserk rage
 t - 2 potions of magic
 z - 2 potions of brilliance
 A - a potion of invisibility
 C - 2 potions of haste
 F - a potion of agility {unknown}
 T - a potion of resistance
 U - a potion of cancellation
 V - a potion of flight
 W - a potion of heal wounds {unknown}
Miscellaneous
 Z - a lightning rod (4/4)
Comestibles
 c - 15 rations


   Skills:
 + Level 13.1 Fighting
 - Level 20.0 Polearms
 - Level 1.5 Armour
 - Level 2.7 Dodging


You had 11 spell levels left.
You didn't know any spells.
Your spell library was empty.

Dungeon Overview and Level Annotations

Branches:
Dungeon (11/15)            Temple (0/1) D:6            Lair (0/6) D:9
    Orc: D:9-12

Altars:
Ashenzari
Gozag
Hepliaklqana
Kikubaaqudgha
Nemelex Xobeh
Sif Muna
Xom
Beogh

Shops:
D:4 %


Message History

a +0 shortbow; 9 arrows
Items here: ††††† a killer bee corpse x5
You feel strangely unstable.
You are suddenly yanked towards a nearby monster!
Your surroundings suddenly seem different.
The centaur warrior shouts!
The centaur warrior wields a +0 longbow.
The centaur warrior shoots an arrow.
The arrow hits you!
You see here an arrow.
The centaur warrior shoots an arrow.
The arrow hits you!
You see here an arrow.
The centaur warrior shoots an arrow.
The arrow hits you!
You see here an arrow.
The centaur warrior shoots an arrow.
The arrow hits you!!
* * * LOW HITPOINT WARNING * * *
You see here an arrow.
You see here a large rock.
The centaur warrior shoots an arrow.
The arrow hits you!
You die...

.# #..# #...# #..# .# #..#
#...# #..# .# #..# #...#
#.<# .# #..# #...# #..# .#
#..# #...# #..# .#
#..######...# #..#
.######.....(.....# #..#
..................######..#
.........######.@.(.(.(...#
#######..#
#.(.........####### # #..#
#.(.######......... # #..#
#.(.# #......... # #..#
#.(.# #..####### # #..#
#.(.# #.># # #..# #...#
#..# # #..# #.c.# #..# #
#####..# #...# #..#


You could see a centaur warrior.

Vanquished Creatures
  The ghost of bananaglory the Spear-Bearer, a journeyman MfSk of Wu Jian (D:9)
  2 two-headed ogres
  The ghost of DungeonDestroyer the Cleaver, a novice MiFi of Okawaru (D:8)
  A centaur warrior (D:11)
  A tengu warrior (D:10)
  An unseen horror (D:11)
  A cyclops (D:11)
  A manticore (D:11)
  A deep elf mage (D:9)
  Joseph (D:8)
  Psyche (D:9)
  A komodo dragon (D:9)
  A freezing wraith (D:11)
  A hornet (D:10)
  A red devil (D:8)
  2 trolls
  Prince Ribbit (D:8)
  A hippogriff (D:9)
  2 wyverns
  Eustachio (D:4)
  A spriggan (D:10)
  2 wraiths
  A hungry ghost (D:9)
  Menkaure (D:7)
  5 ice beasts
  An orc warrior (D:8)
  A sky beast (D:11)
  2 black bears
  2 phantoms (D:5)
  4 necrophages
  An eye of draining (D:11)
  6 ogres
  A centaur (D:8)
  A big kobold (D:9)
  7 bullfrogs
  A water moccasin zombie (D:6)
  5 killer bees (D:11)
  3 scorpions
  6 wights
  3 howler monkeys (D:10)
  3 bullfrog zombies (D:9)
  4 crimson imps
  3 jellies
  3 bullfrog skeletons
  3 centaur skeletons
  10 hounds
  Crazy Yiuf (D:3)
  6 orc priests
  2 quasits
  11 orc wizards
  5 iguanas
  6 worker ants
  A hound zombie (D:7)
  2 hound skeletons
  2 worker ant zombies
  14 adders
  3 shadow imps
  2 oozes
  An adder skeleton (D:9)
  3 adder zombies
  4 worms
  2 dart slugs
  5 leopard geckos
  44 orcs
  7 bats
  11 giant cockroaches
  7 goblins
  14 hobgoblins
  15 jackals
  9 kobolds
  4 quokkas
  3 ball pythons
  6 frilled lizards
  2 jackal skeletons
  8 rats
303 creatures vanquished.

Vanquished Creatures (collateral kills)
  An ugly thing (D:11)
  An orc warrior (D:8)
  An orc priest (D:8)
  A bullfrog skeleton (D:8)
  A worker ant (D:11)
  2 orcs (D:8)
7 creatures vanquished.

Vanquished Creatures (others)
  A rat (D:2)
  8 plants (D:9)
9 creatures vanquished.

Grand Total: 319 creatures vanquished

Notes
Turn   | Place    | Note
-------+----------+-------------------------------------------
     0 | D:1      | misha the Merfolk Berserker began the quest for the Orb.
     0 | D:1      | Reached XP level 1. HP: 18/18 MP: 1/1
   256 | D:1      | Reached XP level 2. HP: 21/24 MP: 2/2
   474 | D:1      | Reached skill level 5 in Polearms
   516 | D:1      | Reached XP level 3. HP: 25/30 MP: 3/3
   917 | D:2      | Reached ** piety under Trog
  1563 | D:2      | Reached XP level 4. HP: 25/37 MP: 4/4
  1726 | D:2      | Reached skill level 6 in Polearms
  2629 | D:3      | Reached XP level 5. HP: 39/43 MP: 5/5
  2705 | D:3      | Got a coiled steel ring
  2734 | D:3      | Found a runed translucent door.
  2735 | D:3      | Noticed Crazy Yiuf
  2821 | D:3      | Reached *** piety under Trog
  2929 | D:3      | Reached skill level 7 in Polearms
  3171 | D:3      | Killed Crazy Yiuf
  3418 | D:4      | Reached skill level 5 in Fighting
  3418 | D:4      | Reached skill level 8 in Polearms
  3418 | D:4      | Reached XP level 6. HP: 23/51 MP: 6/6
  3731 | D:4      | Noticed Eustachio
  3743 | D:4      | Killed Eustachio
  3964 | D:4      | Found Vauclugu's Food Boutique.
  3982 | D:4      | Reached skill level 9 in Polearms
  4014 | D:4      | Reached XP level 7. HP: 48/57 MP: 7/7
  4235 | D:5      | Entered Level 5 of the Dungeon
  4852 | D:5      | Reached skill level 10 in Polearms
  5263 | D:5      | Reached skill level 11 in Polearms
  5263 | D:5      | Reached XP level 8. HP: 36/65 MP: 8/8
  5974 | D:6      | Found a sparkling altar of Nemelex Xobeh.
  6019 | D:6      | Found a staircase to the Ecumenical Temple.
  6538 | D:6      | Reached skill level 12 in Polearms
  7070 | D:6      | Reached **** piety under Trog
  7121 | D:6      | Reached XP level 9. HP: 74/74 MP: 9/9
  7194 | D:6      | Found a shattered altar of Ashenzari.
  7211 | D:6      | Reached skill level 13 in Polearms
  7862 | D:6      | Identified the ring "Aduejuc" {+Fly rN++ MR- Str+4} (You
                  | found it on level 3 of the Dungeon)
  8083 | D:7      | Found a hazy altar of Hepliaklqana.
  8083 | D:7      | Found a deep blue altar of Sif Muna.
  8267 | D:7      | Noticed Menkaure
  8287 | D:7      | Killed Menkaure
  8287 | D:7      | Reached skill level 14 in Polearms
  8746 | D:8      | Found an ancient bone altar of Kikubaaqudgha.
  8746 | D:8      | Noticed an orange demon
  8746 | D:8      | Noticed an orange demon
  8746 | D:8      | Noticed an orange demon
  8746 | D:8      | Noticed a red devil
  8792 | D:8      | Killed a red devil
  9421 | D:8      | Found a runed translucent gate.
  9422 | D:8      | Found a runed translucent gate.
  9425 | D:8      | Noticed DungeonDestroyer's ghost (novice MiFi)
  9425 | D:8      | Identified the +4 glaive of the Eleven Nights {antimagic,
                  | Fragile Dex+7}
  9514 | D:8      | Noticed Prince Ribbit
  9546 | D:8      | Killed Prince Ribbit
  9546 | D:8      | Reached skill level 15 in Polearms
  9683 | D:8      | Reached XP level 10. HP: 82/82 MP: 10/10
 10067 | D:8      | Identified the +5 ring mail "Wocereym" {+Fly MR- rCorr
                  | Slay+2}
 10068 | D:8      | Found a runed translucent gate.
 10071 | D:8      | Found a roughly hewn altar of Beogh.
 10360 | D:8      | Noticed Joseph
 10381 | D:8      | Killed Joseph
 11138 | D:8      | Reached skill level 16 in Polearms
 11243 | D:8      | Got a scorched helmet
 11273 | D:8      | Killed DungeonDestroyer's ghost
 11273 | D:8      | Reached skill level 10 in Fighting
 11513 | D:9      | Noticed a two-headed ogre
 11518 | D:9      | Killed a two-headed ogre
 11518 | D:9      | Reached skill level 17 in Polearms
 11821 | D:9      | Found a staircase to the Lair.
 11869 | D:9      | Reached ***** piety under Trog
 11884 | D:9      | Received a gift from Trog
 11926 | D:9      | Found a runed translucent gate.
 11926 | D:9      | Found a runed translucent gate.
 11926 | D:9      | Found an opulent altar of Gozag.
 11927 | D:9      | Found a runed translucent gate.
 11928 | D:9      | Noticed bananaglory's ghost (journeyman MfSk)
 11931 | D:9      | Noticed a deep elf mage
 11993 | D:9      | Noticed Psyche
 12002 | D:9      | Killed Psyche
 12263 | D:9      | Found a shimmering altar of Xom.
 12452 | D:9      | Reached XP level 11. HP: 91/91 MP: 3/11
 12514 | D:9      | Killed a deep elf mage
 12514 | D:9      | Reached skill level 18 in Polearms
 12540 | D:9      | Killed bananaglory's ghost
 13047 | D:10     | Entered Level 10 of the Dungeon
 13137 | D:10     | Identified the +1 helmet "Tahijum" {Str+4 Dex-5} (You found
                  | it on level 8 of the Dungeon)
 13320 | D:10     | Got a scorched ring mail
 13402 | D:10     | Noticed a two-headed ogre
 13412 | D:10     | Killed a two-headed ogre
 13412 | D:10     | Reached skill level 19 in Polearms
 14226 | D:11     | Noticed a tengu warrior
 14234 | D:11     | Noticed a cyclops
 14344 | D:10     | Killed a tengu warrior
 14606 | D:11     | Killed a cyclops
 14704 | D:11     | Noticed a manticore
 14712 | D:11     | Killed a manticore
 14981 | D:11     | Noticed a centaur warrior
 14982 | D:11     | Noticed a death knight
 14982 | D:11     | Noticed a green ugly thing
 14983 | D:11     | Noticed a two-headed ogre
 14983 | D:11     | Noticed a tengu warrior
 14984 | D:11     | Noticed a centaur warrior
 15179 | D:11     | Noticed a white ugly thing
 15186 | D:11     | Killed a white ugly thing
 15186 | D:11     | Reached skill level 20 in Polearms
 15186 | D:11     | Reached XP level 12. HP: 101/101 MP: 4/12
 15750 | D:11     | Killed a centaur warrior
 15757 | D:11     | Received a gift from Trog
 16095 | D:11     | Shot with an arrow by a centaur warrior

Skill      XL: |  1  2  3  4  5  6  7  8  9 10 11 12 |
---------------+-------------------------------------+-----
Polearms       | 5 6 8 9 11 12 15 17 20 | 20.0
Fighting       | 4 5 6 7 9 10 12 13 | 13.1
Armour         | |  1.5
Dodging        | |  2.7

Action                   |  1- 3 |  4- 6 |  7- 9 | 10-12 || total
-------------------------+-------+-------+-------+-------++-------
Melee: Spear             |   175 |   244 |   562 |       ||   981
       Tailslap          |       |     6 |     4 |       ||    10
       Glaive            |       |       |    20 |   405 ||   425
Invok: Berserk           |     3 |     3 |     9 |     9 ||    24
       Brothers in Arms  |       |       |     1 |     1 ||     2
Evoke: Wand              |       |       |       |     1 ||     1
  Use: Scroll            |       |       |    10 |    14 ||    24
 Stab: Sleeping          |     3 |     1 |     2 |       ||     6
  Eat: Chunk             |     5 |     9 |    14 |    12 ||    40
       Ration            |       |       |     4 |     5 ||     9
Armor: Animal skin       |    23 |    10 |       |       ||    33
       Leather armour    |       |    11 |    42 |       ||    53
       Chain mail        |       |       |    31 |   178 ||   209
Dodge: Dodged            |   136 |    97 |   171 |   131 ||   535
